 Dungeon Crawl Stone Soup version 0.18.1-6-gd335043 (webtiles) character file.

346 inmateoo the Skirmisher (level 6, 0/40 HPs)
             Began as a Gargoyle Wanderer on May 20, 2016.
             Was a Follower of Vehumet.
             Slain by IjonTichy1's ghost (6 damage)
             ... on level 5 of the Dungeon.
             The game lasted 00:04:50 (3619 turns).

inmateoo the Skirmisher (Gargoyle Wanderer)         Turns: 3619, Time: 00:04:51

Health: 0/40       AC: 15    Str: 18    XL:     6   Next: 59%
Magic:  8/8        EV: 12    Int: 11    God:    Vehumet [*.....]
Gold:   208        SH:  0    Dex: 15    Spells: 1 memorised, 7 levels left

rFire  + . .     SeeInvis .     a - +2 hand axe
rCold  . . .     Gourm    .     s - +1 chain mail
rNeg   + . .     Faith    .     (no shield)
rPois  ∞         Spirit   .     (no helmet)
rElec  +         Dismiss  .     (no cloak)
rCorr  .         Reflect  .     o - +0 pair of gloves
SustAt .         Harm     .     (no boots)
MR     .....                    (no amulet)
Stlth  ..........               (no ring)
                                t - ring of protection from fire

@: agile, not resistant to hostile enchantments, extremely unstealthy
A: negative energy resistance 1, electricity resistance, unbreathing,
petrification resistance, rot immunity, AC +4
a: Renounce Religion


You were on level 5 of the Dungeon.
You worshipped Vehumet.
Vehumet was aware of your devotion.
You were near starving.

You visited 1 branch of the dungeon, and saw 5 of its levels.

You collected 208 gold pieces.

Inventory:

Hand Weapons
 a - a +2 hand axe (weapon)
Armour
 o - a +0 pair of gloves (worn)
 s - a +1 chain mail (worn)
Jewellery
 t - a ring of protection from fire (left hand)
Scrolls
 b - 4 scrolls of teleportation
 e - 2 scrolls of blinking
Potions
 i - a potion of cancellation
 j - a potion of agility
 r - a potion of flight {unknown}
Comestibles
 f - 3 bread rations
 g - a slice of pizza
 m - 3 meat rations


   Skills:
 + Level 4.8 Fighting
   Level 1.0 Short Blades
 * Level 3.9 Axes
 + Level 3.1 Armour
 - Level 3.2 Stealth
   Level 1.1 Shields
 + Level 1.6 Spellcasting


You had 7 spell levels left.
You knew the following spells:

 Your Spells              Type           Power        Failure   Level  Hunger
a - Freeze                Ice            #...         100%        1    ##.....


Dungeon Overview and Level Annotations

Branches:
Dungeon (5/15)             Temple (0/1) D:4

Altars:
Cheibriados
Vehumet

Annotations:
D:3 IjonTichy1's ghost, amateur FoFi
D:5 IjonTichy1's ghost, novice KoAr


Innate Abilities, Weirdness & Mutations

You are resistant to torment.
Your stone body is resilient (AC +4).
You are immune to poison.
You resist negative energy.
You are resistant to electric shocks.
You can survive without breathing.
You are immune to petrification.
You are immune to rotting.


Message History

Unknown command.
Drink which item? (? for menu, Esc to quit)
It was a potion of agility.
You feel agile all of a sudden.
IjonTichy1's ghost completely misses you.
You hit IjonTichy1's ghost but do no damage.
IjonTichy1's ghost is almost destroyed.
IjonTichy1's ghost barely misses you.
You hit IjonTichy1's ghost but do no damage.
IjonTichy1's ghost is almost destroyed.
IjonTichy1's ghost hits you.
* * * LOW HITPOINT WARNING * * *
You hit IjonTichy1's ghost but do no damage.
IjonTichy1's ghost is almost destroyed.
IjonTichy1's ghost hits you.
* * * LOW HITPOINT WARNING * * *
You barely miss IjonTichy1's ghost.
IjonTichy1's ghost is almost destroyed.
IjonTichy1's ghost hits you.
You die... #.###########.# #......<)@W...# ###############

You could see IjonTichy1's ghost.

Vanquished Creatures
  An ogre (D:4)
  Natasha (thrice) (D:2)
  2 worker ants (D:4)
  2 gnolls
  7 adders
  A worm (D:3)
  3 dart slugs
  2 giant geckos
  4 orcs
  A giant cockroach (D:1)
  5 goblins
  2 hobgoblins (D:1)
  A quokka (D:2)
  10 bats
  5 giant newts
  6 kobolds
  2 rats
57 creatures vanquished.

Notes
Turn   | Place    | Note
--------------------------------------------------------------
     0 | D:1      | inmateoo the Gargoyle Wanderer began the quest for the Orb.
     0 | D:1      | inmateoo set off with: a +2 hand axe, a +0 short sword, a potion of curing, a +0 robe, a +0 dagger, a bread ration
     0 | D:1      | Reached XP level 1. HP: 14/14 MP: 1/1
   185 | D:1      | Reached XP level 2. HP: 10/19 MP: 2/2
  1106 | D:2      | Reached XP level 3. HP: 23/23 MP: 3/3
  1284 | D:2      | Noticed Natasha
  1291 | D:2      | Killed Natasha
  1365 | D:2      | Reached XP level 4. HP: 23/29 MP: 4/4
  1371 | D:2      | Noticed Natasha
  1377 | D:2      | Killed Natasha
  1377 | D:2      | Reached skill level 4 in Fighting
  1607 | D:2      | Found a faded altar to an unknown god.
  1702 | D:2      | Noticed Natasha
  1712 | D:2      | Killed Natasha
  1712 | D:2      | Reached XP level 5. HP: 19/33 MP: 5/5
  1750 | D:2      | Became a worshipper of Vehumet
  1750 | D:2      | Reached * piety under Vehumet
  1750 | D:2      | Offered knowledge of Freeze by Vehumet.
  2084 | D:3      | Learned a level 1 spell: Freeze
  2380 | D:3      | Noticed IjonTichy1's ghost (amateur FoFi)
  2988 | D:4      | Reached skill level 1 in Spellcasting
  3049 | D:4      | Reached XP level 6. HP: 31/39 MP: 6/8
  3174 | D:4      | Found a snail-covered altar of Cheibriados.
  3282 | D:4      | Found a staircase to the Ecumenical Temple.
  3388 | D:5      | Entered Level 5 of the Dungeon
  3543 | D:5      | Noticed IjonTichy1's ghost (novice KoAr)
  3619 | D:5      | Slain by IjonTichy1's ghost

Skill      XL: |  1  2  3  4  5  6 |
---------------+-------------------+-----
Axes           | 2 3 |  3.9
Armour         | 2 3 |  3.1
Fighting       | 4 |  4.8
Spellcasting   | 1 |  1.6
Short Blades   | |  1.0
Stealth        | |  3.2
Shields        | |  1.1

Action                   |  1- 3 |  4- 6 || total
-------------------------+-------+-------++-------
Melee: Hand axe          |    71 |   216 ||   287
  Use: Scroll            |       |    10 ||    10
       Potion            |       |     6 ||     6
 Stab: Sleeping          |     4 |     4 ||     8
  Eat: Chunk             |     1 |     6 ||     7
Armor: Robe              |    31 |    38 ||    69
       Chain mail        |       |   104 ||   104
Dodge: Dodged            |    55 |   112 ||   167
